 Dungeon Crawl Stone Soup version 0.19.0-11-g3fc08b3 (webtiles) character file.

195 Jerry the Charmwright (level 5, -4/27 HPs)
             Began as a Vine Stalker Skald on Nov 9, 2016.
             Slain by a gnoll
             ... wielding a +0 whip
              (6 damage)
             ... on level 4 of the Dungeon.
             The game lasted 00:14:02 (3125 turns).

Jerry the Charmwright (Vine Stalker Skald)          Turns: 3125, Time: 00:14:02

Health: -4/27      AC:  4    Str: 15    XL:     5   Next: 74%
Magic:  0/9        EV: 11    Int: 12    God:
Gold:   110        SH:  0    Dex: 14    Spells: 3 memorised, 2 levels left

rFire  . . .     SeeInvis .     a - +0 short sword
rCold  . . .     Gourm    .     b - +0 leather armour
rNeg   . . .     Faith    .     (no shield)
rPois  .         Spirit   +     (no helmet)
rElec  .         Reflect  .     (no cloak)
rCorr  .         Harm     .     m - +0 pair of gloves
MR     .....                    (no boots)
Stlth  +.........               (no amulet)
                                (no ring)
                                (no ring)

@: singing
A: fangs 2, regeneration 1, magic shield, antimagic bite, no device heal 3, rot
immunity
a: Stop Singing


You were on level 4 of the Dungeon.
You were hungry.

You visited 1 branch of the dungeon, and saw 4 of its levels.

You collected 110 gold pieces.

Inventory:

Hand Weapons
 a - a +0 short sword (weapon)
Armour
 b - a +0 leather armour (worn)
 g - a +0 buckler
 m - a +0 pair of gloves (worn)
Scrolls
 e - 4 scrolls of recharging {unknown}
 h - 2 scrolls of teleportation {unknown}
 j - a scroll of random uselessness {unknown}
 l - 3 scrolls of identify {unknown}
 n - a scroll of magic mapping {unknown}
 o - 2 scrolls of remove curse {unknown}
 q - a scroll of immolation {unknown}
 r - a scroll of enchant armour {unknown}
Potions
 p - a potion of flight {unknown}
 s - a potion of agility
Books
 c - a book of Battle

   Spells                             Type                      Level
   a - Infusion                       Charms                       1
   b - Shroud of Golubria             Charms/Translocation         2
   c - Song of Slaying                Charms                       2
   d - Spectral Weapon                Hexes/Charms                 3
   e - Regeneration                   Charms/Necromancy            3
Comestibles
 d - 2 bread rations
 f - a beef jerky
 i - 2 meat rations
 k - 2 chunks of flesh


   Skills:
 + Level 2.7 Fighting
 - Level 2.0 Short Blades
 + Level 2.1 Armour
 - Level 1.0 Dodging
 - Level 2.1 Spellcasting
 - Level 4.0 Charms
 + Level 2.3 Necromancy


You had 2 spell levels left.
You knew the following spells:

 Your Spells              Type           Power        Failure   Level  Hunger
a - Infusion              Chrm           ##..         8%          1    ##.....
b - Song of Slaying       Chrm           ##......     12%         2    ###....
c - Regeneration          Chrm/Necr      #.........   30%         3    ####...


Dungeon Overview and Level Annotations

Branches:
Dungeon (4/15)
 Temple: D:4-7

Altars:

Annotations:
D:3 Zigma's ghost, novice DrMo


Innate Abilities, Weirdness & Mutations

You have extremely sharp teeth.
Your natural rate of healing is unusually fast.
When hurt, damage is shared between your health and your magic reserves.
Your bite disrupts and absorbs the magic of your enemies.
Potions and wands cannot restore your health.
You are immune to rotting.


Message History

The gnoll hits you with a whip of freezing.
The gnoll freezes you. The gnoll completely misses you.
You hit the gnoll. You bite the gnoll. You drain its power.
You feel invigorated.
The gnoll is heavily wounded.
The gnoll hits you with a whip.
The gnoll hits you with a whip of freezing.
The gnoll freezes you. The gnoll barely misses you.
You closely miss the gnoll.
The gnoll is heavily wounded.
The gnoll barely misses you.
The gnoll hits you with a whip of freezing!
* * * LOW HITPOINT WARNING * * *
The gnoll freezes you.
* * * LOW HITPOINT WARNING * * *
The gnoll hits you with a whip of venom.
* * * LOW HITPOINT WARNING * * *
The gnoll completely misses you. The gnoll hits you with a whip!
You die...

#.......###+
#...........
+..........
#......... . .!
#.......# .. #..
#.......# ...
#...##...g...##....
+......).g@........
#........g.........
#..........<.......
#............##.#..
#............# #
#....(.......#
#...##.......# #...
#######... #.. ....


You could see 3 gnolls.

Vanquished Creatures
  A gnoll (D:4)
  11 adders
  An ooze (D:2)
  2 worms
  4 dart slugs
  3 leopard geckos
  An orc (D:3)
  8 bats
  3 giant cockroaches
  7 goblins
  8 hobgoblins
  7 jackals
  A ball python (D:2)
  4 frilled lizards
  6 kobolds
  2 rats
69 creatures vanquished.

Notes
Turn   | Place    | Note
-------+----------+-------------------------------------------
     0 | D:1      | Jerry the Vine Stalker Skald began the quest for the Orb.
     0 | D:1      | Reached XP level 1. HP: 11/11 MP: 4/4
    12 | D:1      | Reached skill level 1 in Dodging
    24 | D:1      | Reached skill level 1 in Armour
    54 | D:1      | Reached XP level 2. HP: 6/15 MP: 6/6
   871 | D:1      | Reached XP level 3. HP: 17/18 MP: 4/7
  1436 | D:2      | Learned a level 2 spell: Song of Slaying
  1440 | D:2      | Learned a level 3 spell: Regeneration
  1984 | D:2      | Reached skill level 1 in Necromancy
  1984 | D:2      | Gained mutation: Your natural rate of healing is unusually fast. [Vine Stalker growth]
  1984 | D:2      | Reached XP level 4. HP: 16/23 MP: 5/8
  2306 | D:2      | Reached XP level 5. HP: 23/27 MP: 5/9
  2364 | D:2      | Reached skill level 4 in Charms
  2780 | D:3      | Noticed Zigma's ghost (novice DrMo)
  3123 | D:4      | HP: 1/27 [gnoll/whip of venom (3)]
  3125 | D:4      | Slain by a gnoll

Skill      XL: |  1  2  3  4  5 |
---------------+----------------+-----
Dodging        | 1 |  1.0
Armour         | 1 2 |  2.1
Short Blades   | 2 |  2.0
Fighting       | 2 |  2.7
Necromancy     | 1 2 |  2.3
Charms         | 4 |  4.0
Spellcasting   | |  2.1

Action                   |  1- 3 |  4- 6 || total
-------------------------+-------+-------++-------
Melee: Short sword       |   145 |   145 ||   290
       Bite              |    41 |    27 ||    68
 Cast: Song of Slaying   |     2 |     2 ||     4
       Infusion          |       |     2 ||     2
  Use: Potion            |     4 |     1 ||     5
 Stab: Distracted        |     1 |       ||     1
  Eat: Chunk             |     4 |     3 ||     7
Armor: Leather armour    |    51 |    32 ||    83
Dodge: Dodged            |    99 |    76 ||   175
